 Dungeon Crawl Stone Soup version 0.27-a0-1196-g3e9cee4cb2 (webtiles) character file.

Game seed: 14163789970871130707

1512 streetpizza the Shield-Bearer (level 9, -9/71 HPs)
             Began as a Formicid Fighter on May 28, 2021.
             Mangled by a gargoyle
             ... wielding a +0 flail
              (11 damage)
             ... on level 5 of the Dungeon.
             The game lasted 00:20:13 (7383 turns).

streetpizza the Shield-Bearer (Formicid Fighter)    Turns: 7383, Time: 00:20:14

Health: -9/71      AC: 11    Str: 20    XL:     9   Next: 9%
Magic:  9/9        EV: 10    Int:  9    God:
Gold:   222        SH: 11    Dex: 15    Spells: 8/8 levels left

rFire    + . .     SeeInvis +   D - +5 morningstar
rCold    + . .     Faith    .   c - +0 kite shield
rNeg     . . .     Spirit   .   E - +2 ring mail of Dawn {rF+}
rPois    .         Reflect  .   (helmet unavailable)
rElec    .         Harm     .   F - +0 cloak
rCorr    .         Rampage  .   (no gloves)
Will     .....                  G - +0 pair of boots
Stlth    +.........             i - amulet of the acrobat
HPRegen  0.21/turn              f - ring of flight
MPRegen  0.11/turn              t - ring of protection from cold

@: flying
A: permanent stasis, dig shafts and tunnels, antennae 3, four strong arms, agile
1
a: Dig, Shaft Self


You were on level 5 of the Dungeon.
You visited 1 branch of the dungeon, and saw 6 of its levels.
You also visited: Sewer.

You collected 222 gold pieces.

Inventory:

Hand Weapons
 e - a +2 flail of holy wrath
 o - a +0 battleaxe
 D - a +5 morningstar (weapon)
Missiles
 h - 35 poisoned darts
 r - 2 javelins
 y - 3 curare-tipped darts
Armour
 b - a +0 scale mail
 c - a +0 kite shield (worn)
 j - a +0 tower shield
 E - the +2 ring mail of Dawn (worn) {rF+}
   (You took it off an orc on level 4 of the Dungeon)

   It protects you from fire.
 F - a +0 cloak (worn)
 G - a +0 pair of boots (worn)
Jewellery
 f - a ring of flight (left hand)
 i - an amulet of the acrobat (around neck)
 t - a ring of protection from cold (right hand)
Wands
 u - a wand of flame (18)
Scrolls
 g - a scroll of enchant armour {unknown}
 k - 2 scrolls of amnesia {unknown}
 m - a scroll of vulnerability {unknown}
 p - a scroll of summoning {unknown}
 q - 4 scrolls of identify {unknown}
 s - 5 scrolls of teleportation {unknown}
 v - a scroll of brand weapon {unknown}
 z - a scroll of fear {unknown}
 A - a scroll of blinking {unknown}
 B - a scroll of fog {unknown}
Potions
 a - 2 potions of heal wounds {unknown}
 d - 2 potions of might
 l - 7 potions of curing {unknown}
 n - a potion of lignification {unknown}
 w - a potion of attraction {unknown}
 x - 3 potions of flight {unknown}
 C - a potion of haste {unknown}


   Skills:
 + Level 6.7 Fighting
 + Level 5.6 Axes
 + Level 6.7 Armour
 + Level 7.4 Shields


You had 8 spell levels left.
You didn't know any spells.
Your spell library contained the following spells:

 Spells                   Type           Power      Damage    Failure   Level
 Magic Dart               Conj           0%         1d3       65%         1
 Searing Ray              Conj           0%         3d3       80%         2
 Dazzling Flash           Conj/Hex       0%         N/A       95%         3
 Fulminant Prism          Conj/Hex       0%         3d6       100%        4
 Iskenderun's Mystic Bla  Conj/Tloc      0%         2d3       100%        4


Dungeon Overview and Level Annotations

Branches:
Dungeon (6/15)              Sewer (visited)
 Temple: D:4-7

Altars:
Dithmenos
Beogh

Shops:
D:2 *


Innate Abilities, Weirdness & Mutations

You cannot be hasted, slowed, berserked, paralysed or teleported.
You can dig through walls and to a lower floor.
You have a pair of large antennae on your head. (SInv)
Your four strong arms can wield two-handed weapons with a shield.
You are agile. (Dex +2)


Message History

The gargoyle is lightly damaged.
You block the gargoyle's attack. The gargoyle hits you with a +0 flail!
You hit the gargoyle but do no damage.
The gargoyle is lightly damaged.
The gargoyle barely misses you.
You hit the gargoyle but do no damage.
The gargoyle is lightly damaged.
The gargoyle hurls a stone arrow at you.
You block the stone arrow.
The gargoyle hurls a stone arrow at you.
The stone arrow hits you!
You hit the gargoyle but do no damage.
The gargoyle is lightly damaged.
You block the gargoyle's attack.
You barely miss the gargoyle.
The gargoyle is lightly damaged.
The gargoyle hits you with a +0 flail!
You hit the gargoyle.
The gargoyle is lightly damaged.
The gargoyle hits you with a +0 flail!
* * * LOW HITPOINT WARNING * * *
The gargoyle closely misses you.
You hit the gargoyle.
The gargoyle is moderately damaged.
You block the gargoyle's attack.
You hit the gargoyle but do no damage.
The gargoyle is moderately damaged.
The gargoyle hurls a stone arrow at you.
The stone arrow misses you.
The gargoyle hurls a stone arrow at you.
The stone arrow hits you!!
* * * LOW HITPOINT WARNING * * *
You hit the gargoyle but do no damage.
The gargoyle is moderately damaged.
An iguana comes into view.
You block the gargoyle's attack.
The iguana moves out of view.
You puncture the gargoyle!
The gargoyle is severely damaged.
The gargoyle hits you with a +0 flail!
You die...

###################
..................#######
##.##############........
#.# #.......##### #.#
#.....(.# #.# #...@...#
#.# ####9#### #.# #.. #.#
#... #..!. #..... #......
#####...


You could see a gargoyle.

Vanquished Creatures
  Eustachio (D:4)
  A sky beast (D:5)
  2 orc warriors
  A necrophage (D:6)
  The ghost of bande the Shield-Bearer, an amateur GrFi (D:4)
  5 kobold brigands (Sewer)
  A wyvern zombie (D:4)
  2 scorpions (D:4)
  3 orc priests
  2 bullfrog skeletons
  A centaur zombie (D:4)
  2 orc wizards
  A hound skeleton (D:4)
  A gnoll (D:1)
  8 adders
  3 worms
  3 dart slugs
  14 orcs
  13 ball pythons
  4 endoplasms
  2 giant cockroaches (D:6)
  6 goblins
  6 hobgoblins
  18 jackals
  9 kobolds
  3 quokkas
  3 bats
  3 frilled lizards
  7 rats
126 creatures vanquished.

Vanquished Creatures (others)
  A withered plant (D:1)
1 creature vanquished.

Grand Total: 127 creatures vanquished

Notes
Turn   | Place    | Note
-------+----------+-------------------------------------------
     0 | D:1      | streetpizza the Formicid Fighter began the quest for the
                  | Orb.
     0 | D:1      | Reached XP level 1. HP: 18/18 MP: 1/1
    80 | D:1      | Reached XP level 2. HP: 5/24 MP: 2/2
    80 | D:1      | HP: 1/24 [goblin/+0 club (4)]
    82 | D:1      | Gained mutation: You are agile. (Dex +2) [potion of
                  | mutation]
   367 | D:1      | Reached skill level 4 in Shields
   368 | D:1      | Reached XP level 3. HP: 29/29 MP: 3/3
   663 | D:1      | You fall into a shaft and drop 1 floor!
   895 | D:1      | Found a faded altar of an unknown god.
  1559 | D:2      | Reached XP level 4. HP: 32/37 MP: 4/4
  1951 | D:2      | Found Etarusof's Assorted Antiques.
  2497 | D:3      | Reached XP level 5. HP: 38/42 MP: 5/5
  3663 | D:3      | Reached skill level 5 in Shields
  3663 | D:3      | Reached XP level 6. HP: 41/49 MP: 6/6
  4038 | D:4      | Found a runed translucent gate.
  4048 | D:4      | Found a runed translucent gate.
  4048 | D:4      | Found a runed translucent gate.
  4051 | D:4      | Noticed bande's ghost (amateur GrFi)
  4052 | D:4      | Identified the +2 ring mail of Dawn {rF+}
  4093 | D:4      | You are sucked into a shaft and drop 2 floors!
  4156 | D:6      | Noticed a necrophage
  4168 | D:6      | Killed a necrophage
  4180 | D:6      | Found a glowing drain.
  4187 | Sewer    | Entered a sewer
  4248 | Sewer    | Reached skill level 5 in Fighting
  4248 | Sewer    | Reached skill level 5 in Armour
  4248 | Sewer    | Reached XP level 7. HP: 56/56 MP: 7/7
  4531 | Sewer    | Reached skill level 6 in Shields
  5014 | Sewer    | Reached XP level 8. HP: 54/63 MP: 8/8
  5099 | D:5      | Entered Level 5 of the Dungeon
  5431 | D:4      | Found a shadowy altar of Dithmenos.
  5730 | D:4      | Noticed Eustachio
  5771 | D:4      | Killed Eustachio
  5934 | D:3      | HP: 3/64 [orc warrior/+0 glaive (11)]
  5940 | D:3      | Reached skill level 5 in Axes
  6900 | D:4      | Reached skill level 7 in Shields
  6912 | D:4      | Killed bande's ghost
  7153 | D:4      | Reached XP level 9. HP: 44/71 MP: 9/9
  7367 | D:5      | Noticed a gargoyle
  7381 | D:5      | HP: 2/71 [gargoyle/stone arrow (20)]
  7383 | D:5      | Mangled by a gargoyle

Illustrated notes

Levels and vault maps discovered:
D:1:      arrival_zaba_pyramid, layout_basic,
          shapermc_ecumenical_altar_flowoftime
D:2:      layout_basic, serial_shops, shop, minmay_pentomino_v2
D:3:      layout_loops_corners
D:4:      layout_cave_pools, nicolae_overflow_hidden_temple,
          biasface_ghost_orc_armoury, uniq_eustachio
D:5:      layout_rooms
D:6:      layout_basic, minmay_temple_entry_ruins, gup_sewer_entry_bubbles,
          nicolae_water_bricks

Skill      XL: |  1  2  3  4  5  6  7  8 |
---------------+-------------------------+-----
Shields        | 4 5 6 7 |  7.4
Armour         | 4 5 6 |  6.7
Fighting       | 4 5 6 |  6.7
Axes           | 3 4 5 |  5.6

Action                   |  1- 3 |  4- 6 |  7- 9 || total
-------------------------+-------+-------+-------++-------
Melee: War axe           |    20 |       |       ||    20
       Flail             |    56 |   149 |   171 ||   376
       Morningstar       |       |       |    30 ||    30
 Abil: Dig               |       |     2 |     6 ||     8
  Use: Potion            |     1 |       |       ||     1
Armor: Scale mail        |    25 |    53 |    55 ||   133
       Ring mail         |       |       |     3 ||     3
Dodge: Dodged            |    23 |    56 |    76 ||   155
Block: Kite shield       |    32 |    84 |   124 ||   240

Table legend: (Time is in decaauts)
 A = Elapsed time spent in this place.
 B = Non-inter-level travel time spent in this place.
 C = Inter-level travel time spent in this place.
 D = Time resting spent in this place.
 E = Time spent auto-exploring this place.
 F = Levels seen in this place.
 G = Mean time per level.
                   A        B        C        D        E       F      G
               +--------+--------+--------+--------+--------+-----+--------+
         Total |   7577 |   7450 |    127 |    858 |   5099 |   7 | 1082.4 |
       Dungeon |   6641 |   6514 |    127 |    704 |   4587 |   6 | 1106.8 |
         Sewer |    936 |    936 |      0 |    154 |    512 |   1 |  936.0 |
               +--------+--------+--------+--------+--------+-----+--------+

Top non-repeatable levels by time:
     D:4: 2112 daAuts
     D:3: 1925 daAuts
     D:1: 1439 daAuts
   Sewer: 936 daAuts
     D:2: 900 daAuts
     D:5: 154 daAuts
     D:6: 109 daAuts
